 Dungeon Crawl Stone Soup version 0.30.0-18-gc0e69614cb (webtiles) character file.

Game seed: 11191970927195606050

172 JanusIIV the Shooter (level 5, -14/32 HPs)
             Began as a Deep Elf Hunter on May 25, 2023.
             Killed by an exploding orc (30 damage)
             ... ignited by their inner flame
             ... on level 3 of the Dungeon.
             The game lasted 00:03:06 (1023 turns).

JanusIIV the Shooter (Deep Elf Hunter)              Turns: 1023, Time: 00:03:06

Health: -14/32     AC:  3    Str:  8    XL:     5   Next: 27%
Magic:  7/7        EV: 12    Int: 14    God:
Gold:   140        SH:  0    Dex: 20    Spells: 4/4 levels left

rFire   . . .        a - +0 shortbow
rCold   . . .        (shield currently unavailable)
rNeg    . . .        c - +0 leather armour
rPois   .            (no helmet)
rElec   .            (no cloak)
rCorr   .            (no gloves)
SInv    .            (no boots)
Will    .....        (no amulet)
Stlth   ++           (no ring)
HPRegen 0.25/turn    (no ring)
MPRegen 0.10/turn

%: no passive effects
@: no status effects
A: no striking features
a: no special abilities


You were on level 3 of the Dungeon.
You visited 2 branches of the dungeon, and saw 5 of its levels.

You collected 140 gold pieces.

Inventory:

Hand Weapons
 a - a +0 shortbow (weapon)
 k - the +8 spear of the Equator {flame, rCorr MP-9 Int+2}
   (You found it on level 3 of the Dungeon)

   Int:       It affects your intelligence (+2).
   MP:        It affects your magic capacity (-9).
   rCorr:     It protects you from acid and corrosion.
Armour
 c - a +0 leather armour (worn)
Jewellery
 g - a +6 ring of strength
 j - a ring of magical power
 l - a ring of poison resistance
Scrolls
 b - a scroll of immolation
 e - a scroll of fear {unknown}
 f - a scroll of teleportation {unknown}
 h - a scroll of fog {unknown}
Potions
 d - a potion of attraction {unknown}
 i - 2 potions of mutation {unknown}
 m - a potion of lignification {unknown}


   Skills:
 + Level 3.4 Fighting
 + Level 7.2 Ranged Weapons
 - Level 2.4 Dodging
 - Level 1.2 Stealth


You had 4 spell levels left.
You didn't know any spells.
Your spell library was empty.

Dungeon Overview and Level Annotations

Branches:
Dungeon (4/15)             Temple (1/1) D:4

Altars:
Cheibriados
Elyvilon
Fedhas
Gozag
Kikubaaqudgha
Makhleb
Nemelex Xobeh
Okawaru
Qazlal
Ru
Sif Muna
Trog
Uskayaw
Vehumet
Wu Jian
Xom
Yredelemnul
Zin
The Shining One


Message History

A gnoll comes into view. It is wielding a +0 halberd.
You shoot an arrow. The gnoll shouts!
The arrow hits the orc priest but does no damage.
The orc priest is severely wounded.
The orc priest mumbles some strange prayers to Beogh against you.
Beogh smites you!
Ouch! That really hurt!
A gnoll comes into view. It is wielding a +0 spear. x2
The gnoll shouts!
You are too injured to fight recklessly!
Fire: a) +0 shortbow
Press: ? - help, Q - select action Shift-Dir - straight line, f/p - orc priest
Aim: an orc priest, wielding a +1 short sword of venom and wearing a +0 leather armour (severely wounded, 66% to hit)
You shoot an arrow. The arrow hits the orc priest!
You kill the orc priest!
An orc comes into view. It is wielding a +0 dagger.
Okay, then.
Okay, then.
Really read the scroll of immolation?
As you read the scroll of immolation, it crumbles to dust.
The creatures around you are filled with an inner flame!
You shoot an arrow. The arrow barely misses the orc.
The arrow closely misses the gnoll. x2
The orc attacks as you move away! The orc hits you with a +0 hand axe.
You aren't carrying any items that you can evoke.
You are too injured to fight recklessly!
Fire: a) +0 shortbow
Press: ? - help, Q - select action Shift-Dir - straight line, p - orc
Okay, then.
Fire: a) +0 shortbow
Press: ? - help, Q - select action Shift-Dir - straight line, f - gnoll, p - orc
Aim: a gnoll, wielding a +0 club (inner flame, 69% to hit)
You shoot an arrow. The arrow hits the orc.
Flame seeps out of the orc.
The orc is heavily wounded.
The orc is engulfed in blazing flames.
The orc explodes!
The fiery explosion engulfs you!!
Ouch! That really hurt!
You die...

# .. #####
... #...#
.... #...#
.....###)..#
...ogg.#...#
#.g...##
###.§§§#
#..○@#
#.§§.#
#....#####
##.......#
#.......#
#.......#
#.......#
#.....†>#
#...)..>#


You could see 3 gnolls.

Vanquished Creatures
  An ogre (D:3)
  An orc priest (D:3)
  A worm (D:2)
  4 orcs
  4 endoplasms
  3 giant cockroaches
  5 goblins
  A hobgoblin (D:4)
  4 jackals (D:2)
  2 quokkas
  9 ball pythons
  A ball python skeleton (D:2)
  4 bats
  2 frilled lizards
  A giant cockroach zombie (D:2)
  6 kobolds
49 creatures vanquished.

Notes
Turn   | Place    | Note
-------+----------+-------------------------------------------
     0 | D:1      | JanusIIV the Deep Elf Hunter began the quest for the Orb.
     0 | D:1      | Reached XP level 1. HP: 12/12 MP: 3/3
    94 | D:1      | Reached XP level 2. HP: 17/17 MP: 4/4
   533 | D:2      | Reached skill level 6 in Ranged Weapons
   539 | D:2      | Reached XP level 3. HP: 22/22 MP: 5/5
   715 | D:2      | You fall into a shaft and drop 2 floors!
   737 | D:4      | Found a staircase to the Ecumenical Temple.
   763 | Temple   | Entered the Ecumenical Temple
   875 | D:3      | Noticed an ogre
   883 | D:3      | Killed an ogre
   884 | D:3      | Reached skill level 7 in Ranged Weapons
   884 | D:3      | Reached XP level 4. HP: 5/28 MP: 6/6
   884 | D:3      | Reached XP level 5. HP: 5/32 MP: 7/7
   993 | D:3      | Identified the +8 spear of the Equator {flame, rCorr MP-9
                  | Int+2}
  1023 | D:3      | Killed by an exploding orc... ignited by their inner flame

Illustrated notes

Levels and vault maps discovered:
D:1:      lemuel_arrival_funnel, layout_rooms
D:2:      layout_loops_ring, serial_undead, serial_undead_a, serial_undead_d,
          serial_undead_c, serial_undead_d
D:3:      layout_rooms, mainiacjoe_overflow_six_doors_small,
          nicolae_underground_beach
D:4:      layout_loops_ring, minmay_temple_entry_arrows, uniq_duvessa
Temple:   hellmonk_temple_of_storms

Skill      XL: |  1  2  3 |
---------------+----------+-----
Fighting       | 2 3 |  3.4
Ranged Weapons | 6 7 |  7.2
Dodging        | |  2.4
Stealth        | |  1.2

Action                     |  1- 3 |  4- 6 || total
---------------------------+-------+-------++-------
   Fire: Shortbow          |   122 |    15 ||   137
    Use: Scroll            |       |     1 ||     1
 Armour: Leather armour    |    16 |     1 ||    17
  Dodge: Dodged            |    46 |     2 ||    48
